 Dungeon Crawl Stone Soup version 0.23.1 (webtiles) character file.

Game seed: 12079650419657897315

104 Freyura the Sneak (level 4, -6/34 HPs)
             Began as a Vampire Gladiator on Mar 11, 2019.
             Killed from afar by an orc wizard (7 damage)
             ... with a puff of flame
             ... on level 3 of the Dungeon.
             The game lasted 00:05:06 (2373 turns).

Freyura the Sneak (Vampire Gladiator)               Turns: 2373, Time: 00:05:07

Health: -6/34      AC:  3    Str: 13    XL:     4   Next: 52%
Magic:  4/4        EV: 14    Int: 10    God:
Gold:   59         SH:  0    Dex: 16    Spells: 3/3 levels left

rFire    . . .     SeeInvis +   a - +0 rapier
rCold    + + .     Gourm    .   (no shield)
rNeg     + + .     Faith    .   j - +0 robe
rPois    +         Spirit   .   c - +0 helmet
rElec    .         Reflect  .   (no cloak)
rCorr    .         Harm     .   (no gloves)
MR       .....                  (no boots)
Stlth    ++++......             (no amulet)
HPRegen  0.05/turn              i - ring of protection from cold (curse)
MPRegen  0.09/turn              (no ring)

@: regenerating slowly
A: fangs 3, see invisible, unbreathing
a: Bat Form


You were on level 3 of the Dungeon.
You were near bloodless.

You visited 1 branch of the dungeon, and saw 3 of its levels.

You collected 59 gold pieces.

Inventory:

Hand Weapons
 a - a +0 rapier (weapon)
Missiles
 d - 3 throwing nets (quivered)
Armour
 b - a +0 leather armour
 c - a +0 helmet (worn)
 j - a +0 robe (worn)
Jewellery
 i - a cursed ring of protection from cold (left hand)
Wands
 p - a wand of iceblast (10)
Scrolls
 g - 2 scrolls of teleportation {unknown}
 l - a scroll of magic mapping {unknown}
 n - a scroll of remove curse {unknown}
 o - a scroll of identify {unknown}
Potions
 e - 6 potions of blood
 f - a potion of might {unknown}
 h - a potion of cancellation {unknown}
 k - a potion of curing {unknown}
 m - a potion of flight {unknown}
 q - 2 potions of magic {unknown}


   Skills:
 + Level 2.6 Fighting
 + Level 4.1 Short Blades
 - Level 1.5 Throwing
 - Level 3.2 Dodging
 * Level 4.6 Stealth


You had 3 spell levels left.
You didn't know any spells.
Your spell library contained the following spells:

 Spells                   Type           Power        Failure   Level  Hunger
 Confusing Touch          Hex            #.....       36%         1    ##.....
 Confuse                  Hex            #.......     75%         3    ####...
 Gell's Gravitas          Tloc           #.........   75%         3    ####...
 Petrify                  Tmut/Erth      #.......     98%         4    #####..
 Metabolic Englaciation   Hex/Ice        #.........   100%        5    ######.
 Yara's Violent Unravell  Hex/Tmut       #.........   100%        5    ######.


Dungeon Overview and Level Annotations

Branches:
Dungeon (3/15)

Altars:
Cheibriados
Fedhas
Gozag


Innate Abilities, Weirdness & Mutations

You heal slowly.
You have razor-sharp teeth.
You have supernaturally acute eyesight. (SInv)
You can survive without breathing.


Message History

The orc wizard is heavily wounded.
The orc wizard hits you with a +0 dagger.
* * * LOW HITPOINT WARNING * * *
You hit the orc wizard. You bite the orc wizard.
You draw the orc wizard's blood!
You feel better.
You feel slightly less thirsty.
The orc wizard is almost dead.
The orc wizard casts a spell at you. The magic dart hits you!
* * * LOW HITPOINT WARNING * * *
You closely miss the orc wizard.
The orc wizard is almost dead.
The orc wizard misses you.
A bat comes into view.
You barely miss the orc wizard.
You bite the orc wizard, but do no damage.
The orc wizard is severely wounded.
The orc wizard gestures at you while chanting.
The puff of flame hits you!
You die...

##############
#............. #
#.........#### ..>
#.....)......#######.....
#...)....###....@oooF....
#........# ########oo....
#...<....# .b...
########## ....


o.S .. . You could see a bullfrog, an orc wizard (invisible), 4 orcs and a bat.

Vanquished Creatures
  An orc priest (D:3)
  A gnoll (D:1)
  3 adders (D:2)
  2 dart slugs (D:2)
  2 leopard geckos (D:1)
  An orc (D:3)
  A ball python (D:2)
  A giant cockroach (D:1)
  4 goblins
  5 hobgoblins
  2 kobolds
  A bat (D:1)
  5 frilled lizards
  2 rats
31 creatures vanquished.

Notes
Turn   | Place    | Note
-------+----------+-------------------------------------------
     0 | D:1      | Freyura the Vampire Gladiator began the quest for the Orb.
     0 | D:1      | Reached XP level 1. HP: 16/16 MP: 1/1
    68 | D:1      | Reached skill level 1 in Stealth
   189 | D:1      | Reached XP level 2. HP: 14/22 MP: 2/2
   770 | D:2      | Reached XP level 3. HP: 22/27 MP: 3/3
   923 | D:2      | Found an opulent altar of Gozag.
  1333 | D:2      | Found a snail-covered altar of Cheibriados.
  1373 | D:2      | Found a blossoming altar of Fedhas.
  1664 | D:2      | Reached XP level 4. HP: 20/34 MP: 4/4
  2349 | D:3      | Noticed a bullfrog
  2371 | D:3      | HP: 1/34 [orc wizard/magic dart (7)]
  2373 | D:3      | Killed from afar by an orc wizard

Skill      XL: |  1  2  3  4 |
---------------+-------------+-----
Stealth        | 2 3 4 |  4.6
Fighting       | 2 |  2.6
Short Blades   | 4 |  4.1
Throwing       | |  1.5
Dodging        | |  3.2

Action                   |  1- 3 |  4- 6 || total
-------------------------+-------+-------++-------
Melee: Rapier            |    88 |    39 ||   127
       Bite              |     7 |     8 ||    15
  Use: Potion            |       |     1 ||     1
 Stab: Sleeping          |     3 |       ||     3
Armor: Leather armour    |     7 |       ||     7
       Robe              |     7 |     3 ||    10
Dodge: Dodged            |    59 |    20 ||    79
